AoeStats
← :)

Black Forest

507871618Analyzed
4v4 RM · 13d ago on Sep 20, 2026· 47m 50s· 8 players
Game mode
Random Map
Map size
Large (8 player)
Population
200
Speed
Normal
Resources
Standard
Victory
Conquest
Starting age
Dark Age
Ending age
Imperial Age
RankedLock teamsTeams togetherTeam positionsShared explorationLock speedFull tech treeHidden civsTurbo modeCheats
Victory
Defeat
🇦🇷 Poles · Argentina
1446
+12
🇪🇨 Lithuanians · Ecuador
1431
+13
🇦🇷 Khmer · Argentina
1300
+18
🇲🇽 Bohemians · Mexico
1284
+19
🇭🇰 Mongols · Hong Kong SAR China
1399
-17
🇧🇷 Inca · Brazil
1396
-17
🇨🇳 Bohemians · China
1367
-16
🇯🇵 Spanish · Japan
1270
-12
l3av3x
1:52 Loom
11:09 Feudal Age
17:33 Castle Age
15:47 Double-Bit Axe
16:33 Horse Collar
18:31 Fletching
19:10 Bow Saw
20:01 Bodkin Arrow
25:15 Wheelbarrow
28:04 Town Watch
32:29 Imperial Age
30:40 Heavy Plow
30:31 Gold Mining
31:51 Gold Shaft Mining
31:20 Scale Mail Armor
31:30 Forging
31:40 Stone Mining
33:07 Onager
34:19 Crop Rotation
34:25 Stone Shaft Mining
34:52 Chemistry
34:03 Masonry
34:25 Hand Cart
34:12 Squires
33:33 Pikeman
35:18 Hoardings
34:41 Bodkin Arrow
37:06 Conscription
初夏花开
0:54 Loom
14:11 Feudal Age
15:29 Double-Bit Axe
22:38 Castle Age
20:49 Horse Collar
24:10 Bow Saw
26:13 Fletching
30:46 Imperial Age
30:44 Chemistry
31:18 Wheelbarrow
31:26 Masonry
kokowatousaneize
11:12 Feudal Age
14:37 Castle Age
12:38 Double-Bit Axe
13:32 Horse Collar
16:36 Bow Saw
17:28 Heavy Plow
22:06 Wheelbarrow
25:02 Gold Mining
25:03 Stone Mining
26:20 Hand Cart
25:53 Loom
27:32 Caravan
30:20 Imperial Age
29:24 Scale Barding Armor
29:30 Forging
30:30 Chain Barding Armor
30:22 Bloodlines
30:12 Husbandry
29:33 Light Cavalry
30:09 Pikeman
30:56 Padded Archer Armor
31:42 Iron Casting
32:15 Chemistry
30:40 Cavalier
32:36 Plate Barding Armor
33:39 Iron Casting
33:49 Paladin
36:28 Blast Furnace
37:09 Padded Archer Armor
明月清风
11:47 Feudal Age
10:03 Loom
12:29 Double-Bit Axe
15:29 Castle Age
13:15 Loom
13:13 Horse Collar
17:17 Bow Saw
23:16 Wheelbarrow
23:03 Gold Mining
23:27 Stone Mining
30:50 Imperial Age
28:39 Hand Cart
28:31 Scale Barding Armor
28:19 Fletching
29:06 Gold Shaft Mining
29:24 Bodkin Arrow
29:30 Padded Archer Armor
30:29 Husbandry
30:40 Bloodlines
30:53 Ballistics
31:39 Bracer
31:55 Leather Archer Armor
32:02 Conscription
32:45 Chemistry
31:27 Elite Mangudai
32:35 Parthian Tactics
32:27 Caravan
32:48 Thumb Ring
34:10 Masonry
35:42 Siege Engineers
36:53 Caravan
38:30 Onager
39:34 Drill
40:28 Hoardings
41:17 Fortified Wall
41:02 Murder Holes
41:24 Siege Onager
TheFireKnight
11:33 Feudal Age
15:34 Castle Age
13:45 Double-Bit Axe
14:06 Horse Collar
14:39 Loom
14:39 Town Watch
16:37 Bow Saw
19:57 Heavy Plow
20:46 Fervor
24:01 Wheelbarrow
25:25 Hand Cart
29:36 Imperial Age
28:33 Chemistry
28:40 Ballistics
28:30 Masonry
28:43 Ballistics
28:15 Fletching
29:08 Sanctity
28:43 Treadmill Crane
29:13 Bodkin Arrow
31:38 Bracer
34:16 Pikeman
34:57 Squires
35:18 Siege Engineers
35:44 Architecture
35:34 Scale Mail Armor
35:45 Forging
35:19 Halberdier
37:43 Chain Mail Armor
37:52 Arson
38:54 Plate Mail Armor
39:00 Iron Casting
39:38 Conscription
39:31 Wagenburg Tactics
40:33 Houfnice
43:34 Blast Furnace
Leobossy
1:24 Loom
11:16 Feudal Age
14:32 Horse Collar
20:06 Castle Age
18:20 Double-Bit Axe
25:37 Bow Saw
26:34 Heavy Plow
27:51 Wheelbarrow
32:02 Imperial Age
31:04 Hand Cart
30:52 Fletching
30:37 Elite Skirmisher
32:05 Bodkin Arrow
32:34 Ballistics
33:51 Chemistry
35:02 Two-Man Saw
34:39 Caravan
35:44 Bracer
37:04 Masonry
39:22 Padded Archer Armor
41:38 Tower Shields
41:57 Leather Archer Armor
43:24 Architecture
43:41 Architecture
:)
4:38 Loom
12:21 Feudal Age
15:02 Castle Age
13:46 Double-Bit Axe
13:42 Horse Collar
16:05 Bow Saw
15:56 Heavy Plow
21:17 Wheelbarrow
22:05 Gold Mining
22:43 Hand Cart
22:41 Town Watch
29:10 Imperial Age
27:20 Gold Shaft Mining
26:38 Stone Mining
29:34 Imperial Age
31:38 Chemistry
30:00 Heavy Scorpion
30:58 Double Crossbow
31:33 Double Crossbow
31:55 Fletching
33:45 Onager
34:50 Padded Archer Armor
34:45 Bodkin Arrow
38:14 Ballistics
39:26 Bracer
41:38 Padded Archer Armor
42:00 Siege Engineers
JUNCAL
0:51 Loom
12:48 Feudal Age
13:27 Double-Bit Axe
13:23 Horse Collar
17:54 Castle Age
16:09 Gold Mining
18:05 Scale Barding Armor
19:03 Bloodlines
19:25 Chain Barding Armor
18:31 Light Cavalry
20:53 Husbandry
23:17 Wheelbarrow
24:34 Bow Saw
31:59 Imperial Age
30:11 Forging
30:52 Chain Barding Armor
32:02 Heavy Plow
32:55 Iron Casting
34:35 Hand Cart
34:30 Cavalier
36:22 Stone Mining
37:50 Conscription
38:58 Crop Rotation
39:56 Blast Furnace
38:38 Winged Hussar
40:05 Szlachta Privileges
42:56 Stone Shaft Mining
43:39 Coinage
48:09 Banking
Connection lost

Rejoining the realm…

Still unreachable

The connection could not be restored.

Session expired

The server has moved on; the page needs a fresh start.